 Dungeon Crawl Stone Soup version 0.21-a0-150-gc243083 (webtiles) character file.

169 KarmaPolice the Slasher (level 5, -1/41 HPs)
             Began as a Vampire Gladiator on July 29, 2017.
             Slain by a kobold
             ... wielding a +0 club
              (4 damage)
             ... in a sewer.
             The game lasted 00:08:45 (2968 turns).

KarmaPolice the Slasher (Vampire Gladiator)         Turns: 2968, Time: 00:08:46

Health: -1/41      AC:  4    Str: 14    XL:     5   Next: 25%
Magic:  5/5        EV: 13    Int: 10    God:
Gold:   107        SH:  0    Dex: 16    Spells: 4/4 levels left

rFire    . . .     SeeInvis +   l - +0 short sword (freeze)
rCold    + . .     Gourm    .   (no shield)
rNeg     + + .     Faith    .   b - +0 leather armour
rPois    +         Spirit   .   (no helmet)
rElec    .         Reflect  .   (no cloak)
rCorr    .         Harm     .   q - +0 pair of gloves
MR       .....                  (no boots)
Stlth    ++........             (no amulet)
HPRegen  0.06/turn              (no ring)
MPRegen  0.09/turn              (no ring)

@: regenerating slowly
A: fangs 3, see invisible, unbreathing
a: Bat Form


You were in a sewer.
You were thirsty.

You visited 1 branch of the dungeon, and saw 3 of its levels.
You also visited: Sewer.

You collected 107 gold pieces.

Inventory:

Hand Weapons
 a - a +0 long sword
 l - a +0 short sword of freezing (weapon)
Missiles
 d - 3 throwing nets (quivered)
Armour
 b - a +0 leather armour (worn)
 c - a +0 helmet
 q - a +0 pair of gloves (worn)
Jewellery
 n - a +4 ring of strength {unknown}
Wands
 o - a wand of acid (5/15)
Scrolls
 g - a scroll of amnesia {unknown}
 i - a scroll of fog {unknown}
 j - a scroll of magic mapping {unknown}
 k - 2 scrolls of remove curse {unknown}
 m - a scroll of identify {unknown}
Potions
 e - 17 potions of blood
 f - a potion of agility {unknown}
 h - a potion of flight
 p - 2 potions of curing
 r - a potion of heal wounds {unknown}
 s - a potion of might {unknown}


   Skills:
 + Level 3.1 Fighting
 + Level 4.1 Long Blades
 - Level 1.5 Throwing
 + Level 2.3 Armour
 - Level 3.2 Dodging


You had 4 spell levels left.
You didn't know any spells.

Dungeon Overview and Level Annotations

Branches:
Dungeon (3/15)

Altars:
Gozag


Innate Abilities, Weirdness & Mutations

You heal slowly.
You have razor-sharp teeth.
You have supernaturally acute eyesight. (SInv)
You can survive without breathing.


Message History

The kobold barely misses you. The kobold closely misses you.
You barely miss the kobold. The kobold completely misses you.
The kobold misses you. The kobold completely misses you.
You barely miss the kobold. Your bite misses the kobold.
The kobold hits you with a short sword of draining.
The kobold misses you. The kobold hits you with a club.
You barely miss the kobold.
The kobold hits you with a short sword of draining.
The kobold closely misses you.
You miss the kobold. The kobold hits you with a club.
The kobold hits you with a short sword of draining.
* * * LOW HITPOINT WARNING * * *
The kobold barely misses you.
You barely miss the kobold. The kobold closely misses you.
The kobold hits you with a short sword of draining.
* * * LOW HITPOINT WARNING * * *
You closely miss the kobold. The kobold hits you.
* * * LOW HITPOINT WARNING * * *
The kobold hits you with a club.
You die...

# #≈#≈#≈≈≈≈≈≈≈≈≈≈≈≈≈≈≈≈≈
#≈#≈#≈≈≈≈≈≈≈≈≈≈≈≈≈≈≈≈
#≈#≈≈≈≈≈≈≈≈≈≈≈≈≈≈.≈.
#≈#≈≈≈≈≈≈≈.≈..≈≈...
#≈≈≈≈≈##.≈....##.. ≈##
####≈..##......####.
≈#!?#..#≈............##.
≈#!...K#(...............
#..KK@....†...###.....
≈#)...K#.......## ###..#
≈#!)#..#..###### ####
≈## #######


You could see 4 kobolds.

Vanquished Creatures
  A bullfrog skeleton (D:3)
  4 river rats (Sewer)
  4 adders
  A worm (D:3)
  6 bats
  5 giant cockroaches
  4 goblins
  5 hobgoblins
  13 kobolds
  A quokka (D:3)
  5 ball pythons
  4 frilled lizards
  21 rats
74 creatures vanquished.

Notes
Turn   | Place    | Note
-------+----------+-------------------------------------------
     0 | D:1      | KarmaPolice the Vampire Gladiator began the quest for the Orb.
     0 | D:1      | Reached XP level 1. HP: 16/16 MP: 1/1
   500 | D:1      | Reached skill level 1 in Armour
   533 | D:1      | Reached XP level 2. HP: 17/22 MP: 2/2
  1052 | D:2      | Reached XP level 3. HP: 22/27 MP: 3/3
  1131 | D:2      | Found an opulent altar of Gozag.
  1772 | D:3      | Reached XP level 4. HP: 14/34 MP: 4/4
  1972 | D:3      | Found a glowing drain.
  2013 | Sewer    | Entered a sewer
  2548 | Sewer    | Reached XP level 5. HP: 40/40 MP: 5/5
  2579 | Sewer    | Reached skill level 4 in Long Blades
  2968 | Sewer    | Slain by a kobold

Vault maps used:
D:1:      minmay_arrival_plants_in_alcoves
D:2:      nicolae_overflow_crystal_walls
D:3:      cheibrodos_sewer_entry_bend, chequers_ecumenical_altar_island,
          uniq_natasha, uniq_jessica
Sewer:    sewer_minmay_treatment

Skill      XL: |  1  2  3  4  5 |
---------------+----------------+-----
Armour         | 1 2 |  2.3
Fighting       | 2 3 |  3.1
Long Blades    | 4 |  4.1
Throwing       | |  1.5
Dodging        | |  3.2

Action                   |  1- 3 |  4- 6 || total
-------------------------+-------+-------++-------
Melee: Long sword        |    85 |    38 ||   123
       Bite              |     9 |    13 ||    22
       Short sword       |    23 |    64 ||    87
 Abil: End Transformatio |       |     4 ||     4
       Bat Form          |       |     4 ||     4
Evoke: Wand              |       |     1 ||     1
  Use: Potion            |     2 |       ||     2
 Stab: Sleeping          |     2 |       ||     2
  Eat: Corpse            |       |     4 ||     4
Armor: Leather armour    |    41 |    26 ||    67
Dodge: Dodged            |    94 |   121 ||   215
       Rpst.: Long sword |    23 |    17 ||    40
